 Dungeon Crawl Stone Soup version 0.28.0-45-g0d030f2227 (webtiles) character file.

Game seed: 14986482473246392144

7191 Faeu the Fighter (level 10, -3/91 HPs)
             Began as a Minotaur Fighter on Apr 4, 2022.
             Was a Believer of Elyvilon.
             Slain by a ten-headed hydra (11 damage)
             ... on level 8 of the Dungeon.
             The game lasted 00:45:33 (9035 turns).

Faeu the Fighter (Minotaur Fighter)                 Turns: 9035, Time: 00:45:34

Health: -3/91      AC: 22    Str: 32    XL:     10   Next: 87%
Magic:  9/9        EV: 12    Int:  5    God:    Elyvilon [**....]
Gold:   261        SH:  6    Dex:  9    Spells: 9/9 levels left

rFire   . . .      SeeInvis .   a - +0 war axe (venom) {axe}
rCold   + . .      Faith    .   c - +0 buckler
rNeg    . . .      Spirit   .   B - +7 Kryia's mail coat {PotionHeal*2 rC+}
rPois   .          Reflect  .   (helmet restricted)
rElec   .          Harm     .   q - +2 cloak {Stlth+}
rCorr   .          Rampage  .   h - +2 pair of gloves
Will    .....                   (no boots)
Stlth   +.........              (no amulet)
HPRegen 0.25/turn               A - +6 ring of strength
MPRegen 0.11/turn               (no ring)

@: attractive
A: horns 2, retaliatory headbutt
a: Renounce Religion, Purification, Heal Other


You were on level 8 of the Dungeon.
You worshipped Elyvilon.
Elyvilon was pleased with you.
You visited 2 branches of the dungeon, and saw 10 of its levels.

You collected 261 gold pieces.


Innate Abilities, Weirdness & Mutations

You have a pair of horns on your head.
You reflexively headbutt those who attack you in melee.


   Skills:
 + Level 9.3 Fighting
 + Level 8.9 Axes
 - Level 5.0 Throwing
 + Level 9.3 Armour
 + Level 7.8 Dodging
 + Level 9.3 Shields


You had 9 spell levels left.
You didn't know any spells.
Your spell library contained the following spells:

 Spells                   Type           Power      Damage    Failure   Level
 Call Canine Familiar     Summ           0%         N/A       98%         3
 Portal Projectile        Hex/Tloc       0%         N/A       98%         3
 Leda's Liquefaction      Hex/Erth       0%         N/A       100%        4
 Iskenderun's Battlesphe  Conj           0%         2d6       100%        5
 Iron Shot                Conj/Erth      0%         9d1       100%        6
 Spellforged Servitor     Conj/Summ      0%         N/A       100%        7

Inventory:

Hand Weapons
 a - a +0 war axe of venom (weapon) {axe}
 E - a +0 battleaxe {axe}
   (You took it off a wight on level 7 of the Dungeon)
Missiles
 s - 13 poisoned darts (quivered) {throwing}
 v - 103 stones {throwing}
 w - 9 boomerangs of dispersal {=f!fthrowing}
Armour
 c - a +0 buckler (worn)
 h - a +2 pair of gloves (worn)
   (You found it on level 2 of the Dungeon)
 i - a +0 chain mail
   (You found it on level 2 of the Dungeon)
 o - a scarf of harm
   (You found it on level 5 of the Dungeon)
 q - a +2 cloak of stealth (worn)
   (You found it on level 8 of the Dungeon)
 B - the +7 Kryia's mail coat (worn) {PotionHeal*2 rC+}
   (You found it on level 8 of the Dungeon)

   Potions are twice as effective at healing its wearer.
   rC:        It protects you from cold.
 D - a +2 robe of fire resistance
   (You took it off Psyche on level 8 of the Dungeon)
Jewellery
 y - a ring of wizardry
   (You found it on level 7 of the Dungeon)
 A - a +6 ring of strength (left hand)
   (You took it off Maurice on level 8 of the Dungeon)
Wands
 l - a wand of iceblast (15)
   (You found it on level 4 of the Dungeon)
 n - a wand of acid (5)
   (You found it on level 5 of the Dungeon)
Scrolls
 b - a scroll of identify {@r1}
 f - 2 scrolls of immolation {!r!r}
 G - a scroll of vulnerability {unknown}
Potions
 d - a potion of might
 j - 2 potions of brilliance
 p - a potion of lignification {unknown}
 u - a potion of mutation {unknown}
 F - a potion of flight {unknown}

Dungeon Overview and Level Annotations

Branches:
Dungeon (9/15)             Temple (1/1) D:6            Lair (0/6) D:8
    Orc: D:9-12

Altars:
Ashenzari
Dithmenos
Elyvilon
Fedhas
Hepliaklqana
Makhleb
Nemelex Xobeh
Okawaru
Ru
Sif Muna
Trog
Vehumet
Zin
The Shining One

Shops:
D:2 *=   D:4 ?((?(

#...#........######..............
.........#...............##....#.
..........##.#..#####......#..##.
.........)...#..#####.........##D
..........#........##(###.#......
.........##>.......#..##....#.#..
#...#...###รท.....................
######### #.....................)
#.....@D.#.............
#..........##########..
########..## ### ...# .#.# ## .# #


You could see a ten-headed hydra.


Message History

You climb upwards.
There is a stone staircase leading down here. ๐Ÿ˜ฑ HP[+1] ๐Ÿ˜ฑ HP[+1]
There is a stone staircase leading up, spattered with blood here. ๐Ÿ˜ฑ HP[+1]
You climb upwards.
There is a stone staircase leading down, spattered with blood here.
You start resting.
HP restored. ๐Ÿ˜Ž HP[+76]
There is a stone staircase leading down, spattered with blood here.
You climb downwards.
There is a stone staircase leading up, spattered with blood here.
There is a stone staircase leading down here.
You climb downwards.
There is a stone staircase leading up, spattered with blood here.
It was a potion of attraction.
You feel attractive to monsters.
The five-headed hydra is attracted toward you.
You hack one of the five-headed hydra's heads off!
The four-headed hydra grows two more!
You slash the six-headed hydra!
Your headbutt misses the six-headed hydra.
The six-headed hydra bites you but does no damage.
You block the six-headed hydra's attack. x2
The six-headed hydra barely misses you. x2; The six-headed hydra bites you. ๐Ÿ˜• HP[-6]
You take 6 damage, and now have 85/91 hp.
You slice one of the six-headed hydra's heads off!
The five-headed hydra grows two more!
You slash the seven-headed hydra! You headbutt the seven-headed hydra!
The seven-headed hydra bites you but does no damage. x2
The seven-headed hydra barely misses you.
You block the seven-headed hydra's attack. x2
The seven-headed hydra bites you but does no damage.
The seven-headed hydra bites you! ๐Ÿ˜• HP[-9]
You take 9 damage, and now have 76/91 hp.
You slice one of the seven-headed hydra's heads off!
The six-headed hydra grows two more!
You slice the eight-headed hydra!! You headbutt the eight-headed hydra!
The eight-headed hydra barely misses you.
You block the eight-headed hydra's attack.
The eight-headed hydra barely misses you.
The eight-headed hydra bites you but does no damage.
The eight-headed hydra completely misses you.
The eight-headed hydra bites you but does no damage.
The eight-headed hydra barely misses you.
The eight-headed hydra misses you.
You barely miss the eight-headed hydra. You headbutt the eight-headed hydra.
The eight-headed hydra barely misses you.
You furiously retaliate!
You headbutt the eight-headed hydra.
You block the eight-headed hydra's attack.
The eight-headed hydra bites you but does no damage.
The eight-headed hydra bites you.
The eight-headed hydra bites you but does no damage.
The eight-headed hydra bites you. The eight-headed hydra misses you.
The eight-headed hydra bites you but does no damage. x2
The eight-headed hydra closely misses you.
The eight-headed hydra bites you!
The eight-headed hydra closely misses you.
The eight-headed hydra bites you!
* * * LOW HITPOINT WARNING * * *
The eight-headed hydra bites you but does no damage.
The eight-headed hydra bites you!
* * * LOW HITPOINT WARNING * * *
The eight-headed hydra barely misses you. ๐Ÿ˜จ HP[-44]
You take 44 damage, and now have 32/91 hp.
MASSIVE DAMAGE!! (PAUSE)
You chop one of the eight-headed hydra's heads off!
The seven-headed hydra grows two more!
You slice the nine-headed hydra!!
You block the nine-headed hydra's attack.
The nine-headed hydra bites you.
* * * LOW HITPOINT WARNING * * *
You block the nine-headed hydra's attack.
The nine-headed hydra bites you but does no damage.
The nine-headed hydra barely misses you.
The nine-headed hydra bites you!
* * * LOW HITPOINT WARNING * * *
The nine-headed hydra bites you.
* * * LOW HITPOINT WARNING * * *
The nine-headed hydra closely misses you.
The nine-headed hydra completely misses you. ๐Ÿ˜ฑ HP[-20]
You take 20 damage, and now have 12/91 hp.
MASSIVE DAMAGE!! (PAUSE)
You hack one of the nine-headed hydra's heads off!
The eight-headed hydra grows two more!
You slash the ten-headed hydra!
Your headbutt misses the ten-headed hydra.
The ten-headed hydra bites you but does no damage. x2
The ten-headed hydra bites you.
* * * LOW HITPOINT WARNING * * *
The ten-headed hydra bites you but does no damage. x2
The ten-headed hydra barely misses you.
The ten-headed hydra bites you but does no damage.
You block the ten-headed hydra's attack.
The ten-headed hydra bites you but does no damage.
The ten-headed hydra bites you!
You die...

Skill      XL: |  1  2  3  4  5  6  7  8  9 10 |
---------------+-------------------------------+-----
Fighting       | 4 5 6 8 9 |  9.3
Shields        | 4 5 6 8 9 |  9.3
Dodging        | 1 2 3 4 5 6 7 |  7.8
Armour         | 4 5 6 8 9 |  9.3
Throwing       | 1 2 3 4 5 |  5.0
Axes           | 3 4 5 6 7 8 |  8.9

Action                   |  1- 3 |  4- 6 |  7- 9 | 10-12 || total
-------------------------+-------+-------+-------+-------++-------
Melee: War axe           |    82 |   103 |   184 |   128 ||   497
       Headbutt          |     7 |    15 |    34 |    22 ||    78
Throw: Dart              |       |       |     1 |    11 ||    12
       Stone             |       |       |    32 |       ||    32
       Boomerang         |       |       |     5 |       ||     5
  Use: Scroll            |       |       |     1 |    10 ||    11
       Potion            |       |       |     1 |     4 ||     5
Armor: Scale mail        |    35 |       |    20 |    99 ||   154
       Chain mail        |    23 |    77 |   103 |       ||   203
Dodge: Dodged            |    32 |    59 |   123 |    91 ||   305
Block: Buckler           |    27 |    32 |    56 |    48 ||   163

Levels and vault maps discovered:
D:1:      wheals_arrival_shading, layout_loops_cross,
          hellmonk_ecumenical_altar_blasted
D:2:      layout_basic, serial_shops, nicolae_shop_behind_doors, shop_fountains,
          shop, shop
D:3:      layout_loops_ring, chequers_temple_overflow_statue_of_worship,
          uniq_jessica
D:4:      layout_basic, kennysheep_okawaru_gauntlet, serial_shops, shop,
          kennysheep_mini, shop, nicolae_take_the_stairs, shop,
          kennysheep_generic_room_2, uniq_crazy_yiuf_cottage
D:5:      layout_gridville, mainiacjoe_overflow_alcove_2
D:6:      layout_gridville, lemuel_crystal_altar,
          minmay_temple_entry_gardened_gates, minmay_unpleasant_kobolds
D:7:      layout_layer_cave, mainiacjoe_overflow_alcove_1,
          amethyst_overflow_temple_binary
D:8:      layout_rooms, mainiacjoe_overflow_tiny_flanked,
          minmay_lair_entry_grove, enter_bailey_2, minmay_misc_feat_square,
          uniq_psyche, uniq_maurice
D:9:      minmay_chambers_of_sevens, layout_long_grid, chei_slow_surprise
Temple:   cyrus_temple_forest

Notes
Turn   | Place    | Note
-------+----------+-------------------------------------------
     0 | D:1      | Faeu the Minotaur Fighter began the quest for the Orb.
     0 | D:1      | Reached XP level 1. HP: 19/19 MP: 0/0
     0 | D:1      | magus.rc [v1.9.6]
   148 | D:1      | Reached XP level 2. HP: 24/27 MP: 1/1
   200 | D:1      | You pick up a book of the Hunter and begin reading...
   200 | D:1      | You add the spells Call Canine Familiar, Portal Projectile
                  | and Leda's Liquefaction to your library.
   271 | D:1      | Found a faded altar of an unknown god.
   572 | D:1      | Reached skill level 4 in Fighting
   642 | D:1      | Reached XP level 3. HP: 33/33 MP: 2/2
   777 | D:2      | Reached skill level 4 in Shields
   781 | D:2      | Reached skill level 1 in Dodging
   782 | D:2      | Reached skill level 4 in Armour
   989 | D:2      | Reached skill level 1 in Throwing
  1124 | D:2      | Reached skill level 3 in Axes
  1190 | D:2      | Found Zeukhl Kotu's Jewellery Emporium.
  1222 | D:2      | Found Rati Jael's Assorted Antiques.
  1250 | D:2      | You fall into a shaft and drop 2 floors!
  1364 | D:4      | Reached XP level 4. HP: 40/40 MP: 3/3
  1417 | D:4      | Found Byalukh's Weapon Emporium.
  1628 | D:4      | Found Amurr's Magic Scroll Emporium.
  1674 | D:4      | Found Qerghor's Magic Scroll Shop.
  1692 | D:4      | Reached XP level 5. HP: 46/47 MP: 4/4
  1706 | D:4      | Found Kisiulle's Antique Weapon Shop.
  1718 | D:4      | Reached skill level 2 in Dodging
  1787 | D:4      | Found Pequun's Weapon Shoppe.
  1850 | D:4      | Noticed an ice beast
  1861 | D:4      | Killed an ice beast
  1862 | D:4      | Reached skill level 2 in Throwing
  1862 | D:4      | Reached XP level 6. HP: 20/53 MP: 5/5
  2071 | D:4      | Found an iron altar of Okawaru.
  2220 | D:5      | Entered Level 5 of the Dungeon
  2244 | D:5      | Found a blossoming altar of Fedhas.
  2257 | D:5      | Reached skill level 4 in Axes
  2578 | D:5      | Reached skill level 5 in Fighting
  2591 | D:5      | Reached skill level 5 in Shields
  2716 | D:5      | Reached skill level 5 in Armour
  2783 | D:5      | Reached skill level 3 in Dodging
  2813 | D:5      | Noticed a water moccasin
  2822 | D:5      | Killed a water moccasin
  2823 | D:5      | Reached XP level 7. HP: 54/61 MP: 6/6
  3070 | D:5      | Reached skill level 3 in Throwing
  3445 | D:6      | Found a shadowy altar of Dithmenos.
  3510 | D:6      | Found a staircase to the Ecumenical Temple.
  3519 | Temple   | Entered the Ecumenical Temple
  3579 | Temple   | Became a worshipper of Elyvilon the Healer
  3688 | D:6      | Reached skill level 5 in Axes
  4196 | D:6      | Reached skill level 4 in Dodging
  4196 | D:6      | Reached XP level 8. HP: 70/70 MP: 7/7
  4229 | D:6      | Reached * piety under Elyvilon
  4334 | D:6      | Reached skill level 6 in Fighting
  4494 | D:6      | Reached skill level 6 in Armour
  4494 | D:6      | Reached skill level 6 in Shields
  4717 | D:7      | Found a sacrificial altar of Ru.
  4780 | D:7      | Reached skill level 4 in Throwing
  5090 | D:7      | Reached skill level 6 in Axes
  5670 | D:7      | Reached skill level 5 in Dodging
  5671 | D:7      | Reached XP level 9. HP: 31/78 MP: 8/8
  5910 | D:8      | Reached ** piety under Elyvilon
  6057 | D:6      | HP: 18/78 [yak (9)]
  6061 | D:6      | HP: 7/78 [yak (12)]
  6062 | D:6      | Elyvilon protects you from harm!
  6066 | D:6      | Elyvilon protects you from harm!
  6079 | D:5      | HP: 5/78 [yak (6)]
  6082 | D:5      | Reached skill level 7 in Fighting
  6508 | D:6      | Reached skill level 7 in Armour
  6508 | D:6      | Reached skill level 7 in Shields
  7207 | D:7      | Found a sparkling altar of Nemelex Xobeh.
  7219 | D:7      | Found a bloodstained altar of Trog.
  7284 | D:7      | Reached skill level 5 in Throwing
  7391 | D:8      | Found the +7 Kryia's mail coat {PotionHeal*2 rC+}
  7463 | D:8      | Reached skill level 7 in Axes
  7497 | D:8      | Noticed Psyche
  7510 | D:8      | Reached skill level 6 in Dodging
  7638 | D:8      | You pick up a book of Power and begin reading...
  7638 | D:8      | You add the spells Iskenderun's Battlesphere, Iron Shot and
                  | Spellforged Servitor to your library.
  7674 | D:7      | Reached skill level 8 in Fighting
  7701 | D:8      | Killed Psyche
  7702 | D:8      | Reached skill level 8 in Armour
  7702 | D:8      | Reached skill level 8 in Shields
  7712 | D:8      | Reached XP level 10. HP: 55/88 MP: 9/9
  7890 | D:8      | Noticed Maurice
  7984 | D:8      | Paralysed by Maurice for 6 turns
  8241 | D:8      | Found a staircase to the Lair.
  8244 | D:8      | Paralysed by something for 7 turns
  8258 | D:8      | Paralysed by something for 6 turns
  8276 | D:8      | Paralysed by Maurice for 2 turns
  8407 | D:8      | Killed Maurice
  8408 | D:8      | Reached skill level 8 in Axes
  8462 | D:8      | magus.rc [v1.9.6]
  8474 | D:8      | Reached skill level 7 in Dodging
  8522 | D:8      | Noticed a five-headed hydra
  8612 | D:9      | Reached skill level 9 in Fighting
  8612 | D:9      | Reached skill level 9 in Shields
  8618 | D:9      | Noticed a soul eater
  8618 | D:9      | HP: 19/91 [yak (9)]
  8624 | D:9      | Reached skill level 9 in Armour
  8638 | D:9      | HP: 17/91 [centaur/arrow (10)]
  8657 | D:9      | HP: 17/91 [centaur/arrow (4)]
  8664 | D:8      | HP: 8/91 [yak (4)]
  9034 | D:8      | HP: 16/91 [nine-headed hydra (12)]
  9035 | D:8      | Slain by a ten-headed hydra

Vanquished Creatures
  Maurice (D:8)
  A kobold demonologist (D:9)
  Psyche (D:8)
  5 wyverns (D:8)
  A wraith (D:9)
  17 yaks
  A steam dragon (D:9)
  A basilisk (D:8)
  6 water moccasins
  An orc warrior (D:9)
  An ice beast (D:4)
  A necrophage (D:6)
  A sky beast (D:5)
  6 centaurs
  An ogre (D:5)
  A kobold brigand (D:6)
  4 bullfrogs
  A wyvern skeleton (D:7)
  2 water moccasin skeletons
  5 killer bees (D:7)
  A wight (D:7)
  2 centaur skeletons
  A bullfrog skeleton (D:6)
  An orc priest (D:4)
  2 hounds
  An iguana (D:5)
  A scorpion zombie (D:5)
  A killer bee zombie (D:7)
  A hound skeleton (D:4)
  A howler monkey zombie (D:6)
  3 adders
  3 gnolls
  2 shadow imps
  A white imp (D:5)
  An adder skeleton (D:5)
  2 worms (D:5)
  A dart slug (D:5)
  13 orcs
  5 ball pythons
  4 bats (D:1)
  7 endoplasms
  2 giant cockroaches
  4 goblins
  4 hobgoblins (D:1)
  6 jackals
  9 kobolds
  4 quokkas
  4 frilled lizards
  2 rats (D:1)
147 creatures vanquished.

Vanquished Creatures (collateral kills)
  A centaur (D:9)
1 creature vanquished.

Vanquished Creatures (others)
  4 fungi (D:8)
  18 plants
22 creatures vanquished.

Grand Total: 170 creatures vanquished

Table legend:
 A = Non-vault XP
 B = Vault XP
 C = Vault XP percentage of total XP
 D = Non-vault monster count
 E = Vault monster count
 F = Vault count percentage of total count
                 A         B        C        D         E       F
            +---------+---------+-------+---------+---------+-------
      Total |    6738 |    3536 |  34.4 |     122 |      26 |  17.6
            +---------+---------+-------+---------+---------+-------
        D:1 |      43 |       0 |   0.0 |      24 |       0 |   0.0
        D:2 |      49 |       0 |   0.0 |      14 |       0 |   0.0
        D:3 |      21 |       0 |   0.0 |       5 |       0 |   0.0
        D:4 |     309 |       4 |   1.3 |      13 |       2 |  13.3
        D:5 |     788 |       0 |   0.0 |      19 |       0 |   0.0
        D:6 |    1058 |     107 |   9.2 |      13 |       6 |  31.6
        D:7 |    1584 |     133 |   7.7 |      18 |       2 |  10.0
        D:8 |     842 |    2768 |  76.7 |       7 |      12 |  63.2
        D:9 |    2044 |     524 |  20.4 |       9 |       4 |  30.8
            +---------+---------+-------+---------+---------+-------

Illustrated notes

Table legend:
 A = Kills in this place as a percentage of kills in entire the game.
 B = Kills by you in this place as a percentage of kills by you in the entire game.
 C = Kills by friends in this place as a percentage of kills by friends in the entire game.
 D = Other kills in this place as a percentage of other kills in the entire game.
 E = Experience gained in this place as a percentage of experience gained in the entire game.
 F = Experience gained in this place divided by the number of levels of this place that you have seen.
                   A       B       C       D       E      F
               +-------+-------+-------+-------+-------+----------------------
         Total | 100.0 | 100.0 | 100.0 |   N/A | 100.0 | 1027.4
       Dungeon | 100.0 | 100.0 | 100.0 |   N/A | 100.0 | 1141.6
               +-------+-------+-------+-------+-------+----------------------

Table legend: (Time is in decaauts)
 A = Elapsed time spent in this place.
 B = Non-inter-level travel time spent in this place.
 C = Inter-level travel time spent in this place.
 D = Time resting spent in this place.
 E = Time spent auto-exploring this place.
 F = Levels seen in this place.
 G = Mean time per level.
                   A        B        C        D        E       F      G
               +--------+--------+--------+--------+--------+-----+--------+
         Total |   9170 |   9040 |    130 |   2707 |   2633 |  10 |  917.0 |
       Dungeon |   9076 |   8946 |    130 |   2707 |   2633 |   9 | 1008.4 |
        Temple |     93 |     93 |      0 |      0 |      0 |   1 |   93.0 |
               +--------+--------+--------+--------+--------+-----+--------+

Top non-repeatable levels by time:
     D:7: 2471 daAuts
     D:6: 1975 daAuts
     D:5: 1486 daAuts
     D:4: 976 daAuts
     D:1: 781 daAuts
     D:8: 728 daAuts
     D:2: 500 daAuts
     D:9: 140 daAuts
  Temple: 93 daAuts
     D:3: 14 daAuts
